Map: New Gettysburg LE

Players

hydra

  • Race: Zerg Zerg
  • League: Platinum

Neeblet (Neeb) - Winner!

  • Race: Protoss Protoss
  • League: Master

Event: DreamHack ZOWIE Open Valencia 2016

VOD

https://www.youtube.com/watch?v=4OaHJbN3XGw&feature=youtu.be&t=2210

Description

Time

  • Played on: July 15, 2016, 2:13 p.m.
  • Length: 8:49

All games in this series

Show
View Real Time Build Order
Export as new Build Order

hydra Zerg 

Build Orders: Hatch First 

Get SALT Encoding   

  12  0:00  Drone  
  13  0:13  Overlord  
  13  0:17  Drone  
  14  0:31  Drone x2  
  14  0:34  Drone  
  17  0:52  Hatchery  
  17  0:55  Drone  
  17  0:58  Drone  
  18  1:08  Drone  
  18  1:09  Extractor  
  18  1:18  Spawning Pool  
  17  1:19  Drone  
  18  1:28  Drone  
  19  1:39  Drone  
  20  1:49  Overlord  
  20  2:05  Queen x2  
  20  2:06  Zergling x2  
  20  2:07  Zergling x2  
  26  2:09  Metabolic Boost  
  26  2:14  Drone  
  27  2:15  Drone  
  28  2:36  Hatchery  
  27  2:39  Drone  
  27  2:43  Drone  
  29  2:47  Pneumatized Carapace  
  29  2:50  Drone  
  30  2:54  Drone  
  31  2:58  Overlord  
  31  3:01  Drone  
  31  3:05  Drone  
  33  3:06  Drone  
  33  3:09  Drone  
  35  3:14  Drone  
  36  3:20  Drone x2, Spore Crawler  
  36  3:21  Drone  
  36  3:23  Zergling x2  
  36  3:24  Zergling x2  
  36  3:27  Overlord  
  41  3:33  Drone  
  42  3:34  Drone  
  43  3:44  Queen  
  43  3:47  Overlord  
  45  3:50  Drone  
  45  3:51  Drone  
  45  3:52  Evolution Chamber, Queen  
  45  3:53  Drone  
  45  3:55  Drone  
  50  3:57  Drone  
  50  3:59  Overlord  
  50  4:02  Overlord  
  52  4:10  Drone, Baneling Nest  
  52  4:12  Drone  
  52  4:14  Drone  
  53  4:20  Queen  
  55  4:27  Spore Crawler  
  55  4:31  Drone x2, Zerg Melee Weapons Level 1  
  53  4:33  Drone x3  
  53  4:34  Drone, Extractor  
  53  4:35  Zergling x4  
  53  4:36  Zergling x2  
  59  4:42  Overlord  
  59  4:45  Zergling x8  
  62  4:50  Queen  
  65  4:53  Spore Crawler  
  64  5:00  Zergling x2  
  64  5:01  Zergling x10  
  68  5:16  Queen x2  
  68  5:19  Zergling x12  
  78  5:23  Baneling x4  
  78  5:24  Baneling x3  
  78  5:25  Baneling  
  78  5:40  Zergling x8  
  78  5:41  Overlord x2  
  77  5:52  Zergling x14  
  77  5:59  Zergling x6  
  77  6:01  Baneling x2  
  76  6:04  Zergling x8  
  76  6:06  Baneling x4  
  76  6:07  Baneling  
  76  6:08  Baneling x2  
  76  6:10  Zergling x4  
  81  6:15  Zergling x2  
  82  6:20  Zergling x4  
  83  6:31  Baneling x5  
  81  6:33  Zergling x2  
  81  6:34  Zergling x16  
  88  6:41  Zergling x4  
  88  6:47  Baneling x2  
  88  6:53  Zergling x10  
  81  6:58  Zergling x2  
  81  6:59  Baneling x2  
  81  7:00  Baneling  
  75  7:11  Zergling x4  
  75  7:12  Zergling x4  
  75  7:13  Queen x3  
  74  7:17  Drone  
  74  7:20  Drone  
  68  7:25  Drone x4  
  68  7:26  Drone  
  68  7:27  Drone  
  68  7:29  Drone  
  73  7:32  Drone x2  
  74  7:38  Zergling x4  
  74  7:40  Baneling x8  
  74  7:43  Zergling x4  
  78  7:46  Roach Warren  
  78  7:47  Extractor  
  78  7:48  Zergling x6  
  78  7:49  Zergling x2  
  80  7:53  Zergling x2  
  80  7:56  Zergling x2  
  80  7:57  Zergling x6  
  83  8:02  Queen x3  
  89  8:09  Overlord x2  
  81  8:16  Zergling x14  
  81  8:19  Zergling x2  
  78  8:26  Zergling x8  
  79  8:30  Zergling x4  
Show
View Real Time Build Order
Export as new Build Order

Neeblet Protoss - Winner!

Build Orders: 1 Gate Expand, Phoenix Opening 

Get SALT Encoding   

  12  0:00  Probe (Chrono Boost)  
  13  0:11  Probe (Chrono Boost)  
  14  0:18  Pylon  
  14  0:23  Probe (Chrono Boost)  
  15  0:37  Probe (Chrono Boost)  
  15  0:40  Gateway  
  16  0:47  Probe (Chrono Boost)  
  17  0:58  Probe (Chrono Boost)  
  17  0:59  Assimilator  
  18  1:08  Probe (Chrono Boost)  
  19  1:21  Nexus  
  19  1:24  Probe (Chrono Boost)  
  20  1:34  Cybernetics Core  
  20  1:37  Probe (Chrono Boost)  
  21  1:44  Assimilator  
  21  1:48  Probe (Chrono Boost)  
  21  1:52  Pylon  
  22  1:58  Probe (Chrono Boost)  
  23  2:02  Pylon  
  23  2:09  Adept  
  23  2:11  Warp Gate  
  26  2:16  Probe (Chrono Boost)  
  26  2:29  Probe (Chrono Boost)  
  27  2:33  Stargate  
  27  2:35  Probe (Chrono Boost)  
  27  2:36  Adept  
  28  2:41  Probe (Chrono Boost)  
  31  2:46  Probe (Chrono Boost)  
  33  2:51  Probe (Chrono Boost)  
  33  2:57  Probe (Chrono Boost)  
  34  3:02  Probe (Chrono Boost)  
  35  3:07  Probe (Chrono Boost)  
  35  3:11  Gateway  
  35  3:12  Gateway  
  36  3:13  Probe (Chrono Boost)  
  36  3:15  Phoenix  
  39  3:21  Probe (Chrono Boost)  
  42  3:27  Mothership Core (Chrono Boost)  
  42  3:30  Pylon  
  42  3:31  Probe (Chrono Boost)  
  42  3:33  Pylon  
  43  3:37  Phoenix  
  45  3:42  Probe (Chrono Boost)  
  47  3:50  Probe (Chrono Boost)  
  47  3:53  Probe (Chrono Boost)  
  48  3:59  Phoenix  
  48  4:02  Probe (Chrono Boost)  
  51  4:03  Probe (Chrono Boost)  
  51  4:07  Pylon  
  52  4:14  Probe x2 (Chrono Boost)  
  52  4:15  Adept x3  
  60  4:20  Assimilator  
  60  4:22  Phoenix  
  60  4:26  Probe x2 (Chrono Boost)  
  64  4:36  Nexus  
  65  4:39  Probe (Chrono Boost)  
  65  4:40  Probe (Chrono Boost)  
  65  4:44  Pylon  
  66  4:48  Twilight Council  
  66  4:52  Phoenix  
  66  4:57  Probe (Chrono Boost)  
  66  4:58  Probe (Chrono Boost)  
  70  5:08  Probe (Chrono Boost)  
  70  5:10  Probe (Chrono Boost)  
  70  5:13  Resonating Glaives  
  72  5:17  Robotics Facility  
  72  5:18  Pylon, Adept x2, Probe (Chrono Boost)  
  78  5:23  Probe (Chrono Boost)  
  78  5:27  Pylon  
  78  5:35  Pylon  
  78  5:38  Pylon  
  78  5:39  Gateway  
  78  5:40  Gateway  
  75  5:51  Adept x3  
  75  5:52  Probe (Chrono Boost)  
  75  5:54  Probe x2 (Chrono Boost)  
  79  5:58  Pylon  
  79  6:03  Probe (Chrono Boost)  
  80  6:06  Pylon  
  80  6:10  Gateway  
  82  6:12  Gateway  
  82  6:15  Gateway  
  82  6:17  Adept x2  
  84  6:27  Adept  
  84  6:28  Probe (Chrono Boost)  
  84  6:29  Probe (Chrono Boost)  
  88  6:34  Probe (Chrono Boost)  
  89  6:41  Adept x4  
  89  6:44  Probe (Chrono Boost)  
  89  6:46  Mothership Core (Chrono Boost)  
  91  6:54  Adept  
  91  6:56  Probe (Chrono Boost)  
  91  6:57  Probe (Chrono Boost)  
  89  7:02  Warp Prism  
  89  7:03  Gateway  
  89  7:04  Gateway  
  89  7:07  Gateway  
  89  7:09  Adept x3  
  89  7:10  Gateway  
  89  7:12  Adept  
  95  7:15  Adept x2  
  95  7:16  Adept  
  97  7:35  Pylon  
  97  7:36  Pylon, Adept x6  
  97  7:37  Adept  
  107  8:03  Adept x5  
  107  8:04  Adept x3  
  123  8:09  Warp Prism  
  115  8:17  Adept x3  
  115  8:18  Adept  
  109  8:25  Adept x5  
  109  8:26  Adept x2  
  113  8:45  Adept  

Tags
 
Add a new tag
Caveats
  • Supply blocks, unpowered buildings, or Contaminate may cause inaccurate times.
  • Supply counts are checked every 10 seconds.